 Dungeon Crawl Stone Soup version 0.30-a0-223-gcb0039aa0c (webtiles) character file.

Game seed: 18277645440158743197

380 qw the Trooper (level 6, 0/41 HPs)
             Began as a Gargoyle Fighter on Oct 9, 2022.
             Slain by an iron imp (7 damage)
             ... summoned by Eustachio
             ... on level 4 of the Dungeon.
             The game lasted 00:01:18 (2811 turns).

qw the Trooper (Gargoyle Fighter)                   Turns: 2811, Time: 00:01:19

Health: 0/41       AC: 15    Str: 22    XL:     6   Next: 75%
Magic:  6/6        EV:  7    Int:  8    God:
Gold:   51         SH:  4    Dex:  9    Spells: 5/5 levels left

rFire   . . .      SeeInvis .    Y - +0 war axe
rCold   . . .      Faith    .    c - +0 buckler
rNeg    + . .      Spirit   .    n - +0 chain mail
rPois   inf        Reflect  .    (helmet restricted)
rElec   +          Harm     .    k - +0 cloak
rCorr   .          Rampage  .    (no gloves)
Will    .....                    g - +0 pair of boots
Stlth   ..........               (no amulet)
HPRegen 0.26/turn                (no ring)
MPRegen 0.10/turn                (no ring)

@: no status effects
A: sickness immunity, AC +4, negative energy resistance 1, electricity
resistance, torment resistance 1, petrification resistance, horns 1
a: no special abilities


You were on level 4 of the Dungeon.
You visited 1 branch of the dungeon, and saw 4 of its levels.

You collected 142 gold pieces.
You spent 91 gold pieces at shops.


Innate Abilities, Weirdness & Mutations

You are immune to sickness and miasma.
Your stone body is resilient. (AC +4)
You are immune to poison.
You resist negative energy. (rN+)
You are resistant to electric shocks. (rElec)
You are resistant to unholy torment.
You are immune to petrification.
You have a pair of small horns on your head.


   Skills:
 - Level 5.7 Fighting
 + Level 5.0 Axes
 - Level 3.2 Armour
 - Level 3.2 Shields


You had 5 spell levels left.
You didn't know any spells.
Your spell library was empty.

Inventory:

Hand Weapons
 f - a +0 whip
 Y - a +0 war axe (weapon)
Missiles
 m - 5 boomerangs (quivered)
Armour
 c - a +0 buckler (worn)
 g - a +0 pair of boots (worn)
 k - a +0 cloak (worn)
 n - a +0 chain mail (worn)
Scrolls
 o - a scroll of identify
Potions
 b - a potion of degeneration {unknown}
 d - 2 potions of might
 h - a potion of ambrosia {unknown}
 i - a potion of mutation
 j - a potion of curing {unknown}

Dungeon Overview and Level Annotations

Branches:
Dungeon (4/15)
 Temple: D:4-7

Altars:

Shops:
D:3 ([*

Annotations:
D:4 Eustachio


Message History

The white imp gestures at you.
The puff of frost hits you but does no damage.
Eustachio hits you with a +0 rapier.
The iron imp hits you but does no damage.
The ufetubus barely misses you. You block the ufetubus's attack.
The bat hits you but does no damage.
You barely miss Eustachio.
Eustachio is almost dead.
You barely miss the bat. You slash the ufetubus!
You kill the ufetubus!
The ufetubus disappears in a puff of smoke!
You closely miss the iron imp. You hit the white imp but do no damage.
The bat hits you but does no damage. You block the bat's attack.
The white imp gestures at you.
The puff of frost hits you but does no damage.
Eustachio zaps a wand.
The puff of flame hits you but does no damage.
You block the iron imp's attack. The white imp gestures at you.
The puff of frost hits you.
Eustachio zaps a wand.
The puff of flame hits you!
You closely miss Eustachio.
Eustachio is almost dead.
You hit the iron imp but do no damage. You hit the white imp but do no damage.
You hit the quokka but do no damage. You closely miss the bat.
You block the bat's attack. The bat hits you but does no damage.
The quokka bites you but does no damage.
The quokka barely misses you.
The iron imp hits you but does no damage.
The white imp closely misses you. Eustachio closely misses you.
You hit Eustachio.
Eustachio is almost dead.
You barely miss the iron imp. You hit the white imp.
You closely miss the quokka. You hit the bat. The bat closely misses you.
The bat barely misses you. You block the bat's attack.
The quokka bites you but does no damage.
You block the white imp's attack.
Eustachio casts a spell.
The iron imp hits you!
You die...

#.. ## ######.# ##..
#..##..# ##########....
#..#...###.............
#....#..##.............
#.#....................
##....#......5..b5......
#...#.##.......rb5......
#.<.#....#..###@@####...
#...####.#..# ##5#...?..
#...# #.##... #...#
#...# #.##.#.###.......
##.## #..#.... .#.....
#.# ..#.... #.# .......
#.# ....... .......


You could see Eustachio, 2 iron imps, 2 white imps, a quokka (summoned) and 2
bats.

Vanquished Creatures
  Grinder (D:3)
  An orc priest (D:3)
  8 adders
  A worm (D:3)
  A dart slug (D:2)
  3 orcs (D:3)
  A bat (D:3)
  6 endoplasms
  2 giant cockroaches
  6 goblins
  6 hobgoblins
  8 jackals
  A quokka (D:2)
  9 ball pythons
  3 frilled lizards
  9 kobolds
  7 rats
73 creatures vanquished.

Notes
Turn   | Place    | Note
-------+----------+-------------------------------------------
     0 | D:1      | qw the Gargoyle Fighter began the quest for the Orb.
     0 | D:1      | Reached XP level 1. HP: 14/14 MP: 1/1
     0 | D:1      | 0 ||| qw: Version: 0.2-a-17-g06abaee
     0 | D:1      | 0 ||| qw: Game counter: 2131
     0 | D:1      | 0 ||| qw: Always use a shield: true
     0 | D:1      | 0 ||| qw: God list: Okawaru
     0 | D:1      | 0 ||| qw: Allow faded altars: false
     0 | D:1      | 0 ||| qw: Do Orc after D:15 true
     0 | D:1      | 0 ||| qw: Do second Lair branch before Depths: true
     0 | D:1      | 0 ||| qw: Lair rune preference: random
     0 | D:1      | 0 ||| qw: Plans: Normal, Zot:1-4, God:TSO, Crypt, Tomb,
                  | Pan, Slime:5, Hells, Abyss, Orb
     0 | D:1      | 0 ||| PLANNING D:1-11
    47 | D:1      | 47 ||| Stepping ~*~*~tactically~*~*~ (stealth).
    75 | D:1      | 75 ||| Stepping ~*~*~tactically~*~*~ (stealth).
    85 | D:1      | 85 ||| Stepping ~*~*~tactically~*~*~ (stealth).
    93 | D:1      | 93 ||| Stepping ~*~*~tactically~*~*~ (stealth).
   111 | D:1      | Reached XP level 2. HP: 18/19 MP: 2/2
   243 | D:1      | 243 ||| Stepping ~*~*~tactically~*~*~ (stealth).
   245 | D:1      | 245 ||| Stepping ~*~*~tactically~*~*~ (stealth).
   246 | D:1      | 246 ||| Stepping ~*~*~tactically~*~*~ (stealth).
   247 | D:1      | 247 ||| Stepping ~*~*~tactically~*~*~ (stealth).
   248 | D:1      | 248 ||| Stepping ~*~*~tactically~*~*~ (stealth).
   250 | D:1      | 250 ||| Stepping ~*~*~tactically~*~*~ (stealth).
   251 | D:1      | 251 ||| Stepping ~*~*~tactically~*~*~ (stealth).
   252 | D:1      | 252 ||| Stepping ~*~*~tactically~*~*~ (stealth).
   253 | D:1      | 253 ||| Stepping ~*~*~tactically~*~*~ (stealth).
   380 | D:1      | Found a faded altar of an unknown god.
   575 | D:1      | Reached skill level 3 in Axes
   819 | D:1      | Reached XP level 3. HP: 22/23 MP: 3/3
   893 | D:1      | 893 ||| UPGRADING to +0 helmet.
   898 | D:1      | 898 ||| UPGRADING to +0 pair of boots.
  1133 | D:2      | 1133 ||| Stepping ~*~*~tactically~*~*~ (stealth).
  1138 | D:2      | Reached XP level 4. HP: 28/28 MP: 4/4
  1146 | D:2      | 1146 ||| Stepping ~*~*~tactically~*~*~ (stealth).
  1148 | D:2      | 1148 ||| Stepping ~*~*~tactically~*~*~ (stealth).
  1234 | D:2      | 1234 ||| Stepping ~*~*~tactically~*~*~ (hiding).
  1445 | D:2      | Reached XP level 5. HP: 32/32 MP: 5/5
  1617 | D:2      | 1617 ||| READING scroll labelled COAFUN POSIOKU.
  1622 | D:2      | 1622 ||| READING scroll labelled ZUOC POASAD.
  1623 | D:2      | 1623 ||| READING scroll labelled QOMESH RYGGAN.
  1705 | D:3      | Found Mith's Antique Weapon Shoppe.
  1712 | D:3      | 1712 ||| SHOPLISTING faintly glowing whip (195 gold, have
                  | 110).
  1845 | D:3      | 1845 ||| Stepping ~*~*~tactically~*~*~ (stealth).
  1856 | D:3      | Found Igailif's Assorted Antiques.
  1865 | D:3      | 1865 ||| BUYING chain mail (76 gold).
  1865 | D:3      | Bought a chain mail for 76 gold pieces
  1865 | D:3      | 1865 ||| BUYING pink potion (15 gold).
  1865 | D:3      | Bought a pink potion for 15 gold pieces
  1874 | D:3      | 1874 ||| Stepping ~*~*~tactically~*~*~ (stealth).
  2082 | D:3      | Found Azafezi's Antique Armour Boutique.
  2091 | D:3      | 2091 ||| SHOPLISTING +0 mask of the Dragon {Will+ Slay+3
                  | SInv} (901 gold, have 40).
  2091 | D:3      | 2091 ||| SHOPLISTING plate armour (621 gold, have 40).
  2270 | D:3      | Noticed Grinder
  2279 | D:3      | Paralysed by Grinder for 5 turns
  2287 | D:3      | Paralysed by Grinder for 5 turns
  2295 | D:3      | 2295 ||| FLEEEEING.
  2296 | D:3      | 2296 ||| FLEEEEING.
  2297 | D:3      | 2297 ||| FLEEEEING.
  2298 | D:3      | 2298 ||| FLEEEEING.
  2299 | D:3      | 2299 ||| FLEEEEING.
  2300 | D:3      | 2300 ||| FLEEEEING.
  2301 | D:3      | 2301 ||| FLEEEEING.
  2302 | D:3      | 2302 ||| FLEEEEING.
  2305 | D:3      | 2305 ||| FLEEEEING.
  2307 | D:3      | 2307 ||| STAIRDANCE
  2331 | D:2      | 2331 ||| UPGRADING to +0 cloak.
  2336 | D:2      | 2336 ||| UPGRADING to +0 chain mail.
  2346 | D:2      | 2346 ||| DROPPING +0 scale mail.
  2347 | D:2      | 2347 ||| READING scroll labelled CECAGO LEIMU.
  2348 | D:2      | 2348 ||| DRINKING 2 pink potions.
  2348 | D:2      | Gained mutation: You have a pair of small horns on your
                  | head. [potion of mutation]
  2348 | D:2      | Gained mutation: You have hidden genetic defects. [potion
                  | of mutation]
  2348 | D:2      | Lost mutation: You have hidden genetic defects. [potion of
                  | mutation]
  2349 | D:2      | 2349 ||| DROPPING +0 helmet.
  2350 | D:2      | 2350 ||| READING 2 scrolls of identify.
  2350 | D:2      | 2350 ||| IDENTIFYING murky green potion
  2354 | D:3      | Paralysed by Grinder for 3 turns
  2364 | D:3      | 2364 ||| FLEEEEING.
  2365 | D:3      | 2365 ||| FLEEEEING.
  2365 | D:3      | Paralysed by Grinder for 4 turns
  2374 | D:3      | Killed Grinder
  2375 | D:3      | Reached XP level 6. HP: 19/41 MP: 6/6
  2377 | D:3      | 2377 ||| FLEEEEING.
  2378 | D:3      | 2378 ||| FLEEEEING.
  2380 | D:3      | 2380 ||| FLEEEEING.
  2381 | D:3      | 2381 ||| FLEEEEING.
  2383 | D:3      | 2383 ||| FLEEEEING.
  2384 | D:3      | 2384 ||| FLEEEEING.
  2385 | D:3      | 2385 ||| FLEEEEING.
  2386 | D:3      | 2386 ||| FLEEEEING.
  2387 | D:3      | 2387 ||| FLEEEEING.
  2388 | D:3      | 2388 ||| FLEEEEING.
  2389 | D:3      | 2389 ||| FLEEEEING.
  2390 | D:3      | 2390 ||| FLEEEEING.
  2391 | D:3      | 2391 ||| FLEEEEING.
  2392 | D:3      | 2392 ||| FLEEEEING.
  2393 | D:3      | 2393 ||| FLEEEEING.
  2394 | D:3      | 2394 ||| FLEEEEING.
  2395 | D:3      | 2395 ||| FLEEEEING.
  2396 | D:3      | 2396 ||| FLEEEEING.
  2397 | D:3      | 2397 ||| FLEEEEING.
  2398 | D:3      | 2398 ||| FLEEEEING.
  2399 | D:3      | 2399 ||| FLEEEEING.
  2400 | D:3      | 2400 ||| FLEEEEING.
  2401 | D:3      | 2401 ||| FLEEEEING.
  2402 | D:3      | 2402 ||| FLEEEEING.
  2403 | D:3      | 2403 ||| FLEEEEING.
  2404 | D:3      | 2404 ||| STAIRDANCE
  2636 | D:3      | 2636 ||| Stepping ~*~*~tactically~*~*~ (stealth).
  2779 | D:4      | Noticed Eustachio
  2780 | D:4      | 2780 ||| Stepping ~*~*~tactically~*~*~ (hiding).
  2781 | D:4      | 2781 ||| Stepping ~*~*~tactically~*~*~ (hiding).
  2783 | D:4      | 2783 ||| Stepping ~*~*~tactically~*~*~ (hiding).
  2788 | D:4      | 2788 ||| Stepping ~*~*~tactically~*~*~ (hiding).
  2789 | D:4      | 2789 ||| Stepping ~*~*~tactically~*~*~ (hiding).
  2807 | D:4      | HP: 5/41 [white imp/puff of frost[Eustachio] (15)]
  2807 | D:4      | HP: 2/41 [ufetubus[Eustachio] (3)]
  2808 | D:4      | 2808 ||| DRINKING potion of heal wounds.
  2811 | D:4      | Slain by an iron imp

Levels and vault maps discovered:
D:1:      dpeg_arrival_three_bigger_balls, layout_basic,
          hellmonk_ecumenical_altar_zigzags, serial_curves, eino_curves_02,
          eino_curves_04, eino_curves_01, hangedman_decor_points
D:2:      layout_loops_ring
D:3:      layout_basic, serial_shops, shop, shop_fountains,
          nicolae_shop_overgrown_old_shop, serial_aquarium,
          aquarium_bridge_square [aquarium_subvault_bridge,
          aquarium_subvault_window, aquarium_subvault_wall,
          aquarium_subvault_wall], aquarium_bridge_straight
          [aquarium_subvault_bridge, aquarium_subvault_wall,
          aquarium_subvault_bridge, aquarium_subvault_window],
          aquarium_window_3, aquarium_window_fake, aquarium_window_2,
          aquarium_view_2f, aquarium_view_2d, aquarium_balcony_1b,
          moated_statue, minmay_box_of_dots, uniq_grinder
D:4:      layout_rooms, kennysheep_generic_room_2, uniq_eustachio, uniq_robin

Skill      XL: |  1  2  3  4  5 |
---------------+----------------+-----
Axes           | 2 3 4 5 |  5.0
Fighting       | 5 |  5.7
Armour         | |  3.2
Shields        | |  3.2

Action                   |  1- 3 |  4- 6 || total
-------------------------+-------+-------++-------
Melee: War axe           |    80 |   153 ||   233
       Headbutt          |       |     3 ||     3
Throw: Boomerang         |       |    23 ||    23
  Use: Scroll            |       |     5 ||     5
       Potion            |       |     2 ||     2
Armor: Scale mail        |    38 |    74 ||   112
       Chain mail        |       |    37 ||    37
Dodge: Dodged            |    40 |    67 ||   107
Block: Buckler           |    14 |    29 ||    43

Table legend:
 A = Non-vault XP
 B = Vault XP
 C = Vault XP percentage of total XP
 D = Non-vault monster count
 E = Vault monster count
 F = Vault count percentage of total count
                 A         B        C        D         E       F
            +---------+---------+-------+---------+---------+-------
      Total |     256 |     287 |  52.9 |      69 |       4 |   5.5
            +---------+---------+-------+---------+---------+-------
        D:1 |      36 |       0 |   0.0 |      22 |       0 |   0.0
        D:2 |     137 |       0 |   0.0 |      30 |       0 |   0.0
        D:3 |      83 |     287 |  77.6 |      17 |       4 |  19.0
            +---------+---------+-------+---------+---------+-------
